[ PARTIDA AOE2 · #506806412 ]
UnrankedTeutones vs Saracens
Equipo del jugador · DERR
Equipo rival · VICT
[ ANÁLISIS DE REPETICIÓN · EXTRAÍDO DE LA PARTIDA GRABADA ]
Feudal
9:42
Castillos
—
Imperial
—
| APM promedio | 83.0 |
| APM pico | 102 |
| eAPM promedio | 33.2 |
| Aldeanos / militares | 31 / 0 |
Foco
⚔️ 52.0% · 🌾 48.0%
Feudal
8:53
Castillos
—
Imperial
—
| APM promedio | 52.7 |
| APM pico | 88 |
| eAPM promedio | 25.6 |
| Aldeanos / militares | 27 / 7 |
Foco
⚔️ 50.6% · 🌾 49.4%
Militia ×7
Mapa de la partida
Recursos iniciales + cada clic de construcción. Líneas = muros · curvas = relieve. ◆ oro · ⬟ piedra · ● bayas · ✦ reliquia · ◌ hueco del cierre
Tu base· Abierta — flanco sin cerrar
Base de Andre_2i· Abierta — flanco sin cerrar
Terreno inicial suavizado · ◌ = hueco del cierre detectado · pasá el cursor para detalles
Inputs por minuto
— 我本善良 - - Andre_2i
Build order — 我本善良
78 acciones detectadas en el replay
| 0:00 | Encolar | Villager (Male) |
| 0:00 | Encolar | Villager (Male) |
| 0:01 | Construir | House |
| 0:02 | Construir | House |
| 0:18 | Encolar | Villager (Male) |
| 0:18 | Encolar | Villager (Male) |
| 1:25 | Encolar | Villager (Male) |
| 1:25 | Encolar | Villager (Male) |
| 2:01 | Encolar | Villager (Male) |
| 2:01 | Encolar | Villager (Male) |
| 2:26 | Encolar | Villager (Male) |
| 2:26 | Encolar | Villager (Male) |
| 2:28 | Construir | Lumber Camp |
| 2:52 | Encolar | Villager (Male) |
| 2:52 | Encolar | Villager (Male) |
| 3:14 | Encolar | Villager (Male) |
| 3:34 | Encolar | Villager (Male) |
| 3:34 | Encolar | Villager (Male) |
| 3:53 | Construir | House |
| 3:54 | Construir | House |
| 3:57 | Encolar | Villager (Male) |
| 4:11 | Encolar | Villager (Male) |
| 4:46 | Encolar | Villager (Male) |
| 5:12 | Encolar | Villager (Male) |
| 5:44 | Encolar | Villager (Male) |
| 5:44 | Encolar | Villager (Male) |
| 5:45 | Investigar | Loom |
| 6:45 | Construir | Barracks |
| 7:07 | Encolar | Villager (Male) |
| 7:30 | Investigar | Feudal Age |
| 7:54 | Construir | Mill |
| 8:06 | Construir | House |
| 8:44 | Construir | Mining Camp |
| 9:03 | Construir | House |
| 9:14 | Construir | Palisade Wall |
| 9:15 | Construir | Palisade Wall |
| 9:26 | Encolar | Villager (Male) |
| 9:42 | Edad | Edad Feudal |
| 9:46 | Construir | Watch Tower |
| 9:50 | Construir | Stone Wall |
| 9:57 | Encolar | Villager (Male) |
| 10:02 | Construir | Palisade Wall |
| 10:03 | Construir | Palisade Wall |
| 10:06 | Construir | Palisade Wall |
| 10:07 | Construir | Palisade Wall |
| 10:08 | Construir | Palisade Wall |
| 10:08 | Construir | Palisade Wall |
| 10:17 | Construir | Palisade Wall |
| 10:17 | Construir | Palisade Wall |
| 10:17 | Construir | Palisade Wall |
| 10:17 | Construir | Palisade Wall |
| 10:18 | Construir | Palisade Wall |
| 10:25 | Encolar | Villager (Male) |
| 10:38 | Construir | Palisade Wall |
| 10:44 | Encolar | Villager (Male) |
| 10:59 | Construir | Palisade Wall |
| 10:59 | Construir | Palisade Wall |
| 11:05 | Construir | Mill |
| 11:09 | Construir | Stone Wall |
| 11:25 | Construir | Watch Tower |
| 11:53 | Construir | Farm |
| 11:54 | Construir | Farm |
| 11:55 | Construir | Farm |
| 11:56 | Construir | Farm |
| 12:26 | Construir | Watch Tower |
| 12:29 | Construir | Stone Wall |
| 12:32 | Construir | Stone Wall |
| 12:33 | Construir | Stone Wall |
| 12:34 | Construir | Stone Wall |
| 12:35 | Construir | Stone Wall |
| 12:35 | Construir | Stone Wall |
| 12:38 | Construir | Stone Wall |
| 12:39 | Construir | Stone Wall |
| 12:50 | Encolar | Villager (Male) |
| 12:50 | Encolar | Villager (Male) |
| 13:00 | Encolar | Villager (Male) |
| 13:08 | Encolar | Villager (Male) |
| 13:08 | Encolar | Villager (Male) |
Build order — Andre_2i
57 acciones detectadas en el replay
| 0:00 | Encolar | Villager (Male) |
| 0:02 | Construir | House |
| 0:02 | Construir | House |
| 0:09 | Encolar | Villager (Male) |
| 0:11 | Encolar | Villager (Male) |
| 0:18 | Encolar | Villager (Male) |
| 1:23 | Encolar | Villager (Male) |
| 1:51 | Encolar | Villager (Male) |
| 2:00 | Construir | Lumber Camp |
| 2:14 | Encolar | Villager (Male) |
| 2:30 | Encolar | Villager (Male) |
| 2:58 | Encolar | Villager (Male) |
| 3:16 | Encolar | Villager (Male) |
| 3:49 | Construir | House |
| 4:04 | Encolar | Villager (Male) ×2 |
| 4:12 | Encolar | Villager (Male) |
| 4:18 | Construir | House |
| 4:43 | Encolar | Villager (Male) |
| 5:32 | Construir | Barracks |
| 5:33 | Construir | Palisade Wall |
| 5:38 | Encolar | Villager (Male) |
| 5:38 | Investigar | Loom |
| 6:43 | Investigar | Feudal Age |
| 6:43 | Investigar | Feudal Age |
| 6:57 | Construir | Mining Camp |
| 7:03 | Encolar | Militia |
| 7:03 | Encolar | Militia |
| 7:18 | Encolar | Militia |
| 7:47 | Encolar | Militia |
| 7:53 | Construir | Mill |
| 8:06 | Construir | House |
| 8:35 | Encolar | Villager (Male) |
| 8:53 | Edad | Edad Feudal |
| 8:59 | Encolar | Villager (Male) |
| 9:02 | Construir | Archery Range |
| 9:33 | Encolar | Villager (Male) |
| 9:41 | Construir | Market |
| 10:01 | Encolar | Villager (Male) |
| 10:32 | Construir | Farm |
| 10:33 | Construir | Farm |
| 10:35 | Construir | Farm |
| 10:49 | Encolar | Villager (Male) |
| 10:49 | Encolar | Villager (Male) |
| 10:52 | Investigar | Man-at-Arms (upgrade) |
| 10:52 | Investigar | Double-Bit Axe |
| 11:24 | Encolar | Villager (Male) |
| 11:38 | Encolar | Militia |
| 11:38 | Encolar | Militia |
| 11:44 | Construir | House |
| 11:44 | Encolar | Villager (Male) |
| 11:57 | Encolar | Villager (Male) |
| 12:21 | Encolar | Militia |
| 12:50 | Encolar | Villager (Male) |
| 12:57 | Encolar | Villager (Male) |
| 12:59 | Construir | Farm |
| 12:59 | Construir | Farm |
| 13:15 | Encolar | Villager (Male) |
Cronología de la partida
| 5:32 | Andre_2i · first_building Barracks |
| 5:33 | Andre_2i · wall_segment Palisade Wall x1 |
| 6:45 | 我本善良 · first_building Barracks |
| 8:53 | Andre_2i · age_up feudal |
| 9:02 | Andre_2i · first_building Archery Range |
| 9:14 | 我本善良 · wall_segment Palisade Wall x1 |
| 9:15 | 我本善良 · wall_segment Palisade Wall x1 |
| 9:42 | 我本善良 · age_up feudal |
| 9:50 | 我本善良 · wall_segment Stone Wall x1 |
| 10:02 | 我本善良 · wall_segment Palisade Wall x1 |
| 10:03 | 我本善良 · wall_segment Palisade Wall x1 |
| 10:06 | 我本善良 · wall_segment Palisade Wall x1 |
| 10:07 | 我本善良 · wall_segment Palisade Wall x1 |
| 10:08 | 我本善良 · wall_segment Palisade Wall x1 |
| 10:08 | 我本善良 · wall_segment Palisade Wall x1 |
| 10:17 | 我本善良 · wall_segment Palisade Wall x2 |
| 10:17 | 我本善良 · wall_segment Palisade Wall x1 |
| 10:17 | 我本善良 · wall_segment Palisade Wall x2 |
| 10:17 | 我本善良 · wall_segment Palisade Wall x1 |
| 10:18 | 我本善良 · wall_segment Palisade Wall x1 |
| 10:38 | 我本善良 · wall_segment Palisade Wall x1 |
| 10:48 | Andre_2i · first_market_sell 500 stone |
| 10:48 | Andre_2i · first_market_buy 100 food |
| 10:59 | 我本善良 · wall_segment Palisade Wall x1 |
| 10:59 | 我本善良 · wall_segment Palisade Wall x1 |
| 11:09 | 我本善良 · wall_segment Stone Wall x1 |
| 12:29 | 我本善良 · wall_segment Stone Wall x1 |
| 12:32 | 我本善良 · wall_segment Stone Wall x1 |
| 12:33 | 我本善良 · wall_segment Stone Wall x1 |
| 12:34 | 我本善良 · wall_segment Stone Wall x1 |
| 12:35 | 我本善良 · wall_segment Stone Wall x1 |
| 12:35 | 我本善良 · wall_segment Stone Wall x1 |
| 12:38 | 我本善良 · wall_segment Stone Wall x1 |
| 12:39 | 我本善良 · wall_segment Stone Wall x1 |
| 13:17 | 我本善良 · resign |
[ ANÁLISIS IA · 1 CRÉDITO ]
¿Qué pasó realmente en esta partida?
Wolo.gg analiza cada decisión: build order, eco, micro, errores típicos por bracket. Análisis personalizado por WhatsApp o Discord en 30 segundos.
Guía civ
Teutones
Perfil
Jugador #21227185